 Dungeon Crawl Stone Soup version 0.25-a0-1133-g93ebf73 (webtiles) character file.

Game seed: 1491299814680528659, levelgen mode: deterministic

320 thirtiethelement the Slasher (level 6, -5/48 HPs)
             Began as a Demonspawn Abyssal Knight on May 22, 2020.
             Was a Priest of Lugonu.
             Killed by nerve-wracking pain
             ... invoked by an orc priest
              (10 damage)
             ... on level 4 of the Dungeon.
             The game lasted 00:12:55 (2982 turns).

thirtiethelement the Slasher (DsAK)                 Turns: 2982, Time: 00:12:55

Health: -5/48      AC: 12    Str: 18    XL:     6   Next: 22%
Magic:  7/7        EV: 11    Int: 13    God:    Lugonu [***...]
Gold:   196        SH:  0    Dex: 15    Spells: 4/5 levels left

rFire    + + .     SeeInvis .   a - +1 falchion
rCold    . . .     Gourm    .   (no shield)
rNeg     . . .     Faith    .   e - +2 ring mail "Mawo" {rF+ Str+4 Dex+2}
rPois    +         Spirit   .   (no helmet)
rElec    .         Reflect  .   i - +2 cloak
rCorr    .         Harm     .   (no gloves)
MR       .....                  (no boots)
Stlth    +.........             (no amulet)
HPRegen  0.16/turn              g - ring of protection from fire
MPRegen  0.10/turn              r - ring of poison resistance

@: no status effects
A: hooves 1, icy blue scales 1, rot immunity
a: Depart the Abyss, Bend Space, Banish, Renounce Religion


You were on level 4 of the Dungeon.
You worshipped Lugonu.
Lugonu was most pleased with you.
You were not hungry.

You visited 1 branch of the dungeon, and saw 4 of its levels.
You visited the Abyss 1 time.

You collected 196 gold pieces.

Inventory:

Hand Weapons
 a - a +1 falchion (weapon)
Missiles
 h - 15 poisoned darts
 q - 2 throwing nets (quivered)
Armour
 e - the +2 ring mail "Mawo" (worn) {rF+ Str+4 Dex+2}
   (You found it on level 2 of the Abyss)

   It affects your strength (+4).
   It affects your dexterity (+2).
   It protects you from fire.
 i - a +2 cloak (worn)
Jewellery
 g - a ring of protection from fire (left hand)
 r - a ring of poison resistance (right hand)
 v - a cursed ring of teleportation {unknown}
Scrolls
 f - a scroll of holy word {unknown}
 j - a scroll of remove curse {unknown}
 k - a scroll of random uselessness {unknown}
 l - a scroll of fog {unknown}
 n - 2 scrolls of identify
 s - 2 scrolls of enchant weapon {unknown}
 t - a scroll of immolation {unknown}
Potions
 b - a potion of curing {unknown}
 c - a potion of haste {unknown}
 d - a potion of invisibility {unknown}
 o - a potion of might {unknown}
 p - a potion of cancellation {unknown}
 u - a potion of degeneration {unknown}
 w - a potion of brilliance {unknown}
Comestibles
 m - 2 rations


   Skills:
 + Level 4.1 Fighting
 + Level 4.2 Long Blades
 + Level 3.3 Armour
 + Level 1.8 Dodging
 + Level 2.5 Invocations


You had 4 spell levels left.
You knew the following spells:

 Your Spells              Type           Power        Failure   Level  Hunger
a - Beastly Appendage     Tmut           #.....       47%         1    ##.....

Your spell library contained the following spells:

 Spells                   Type           Power        Failure   Level  Hunger
 Sticks to Snakes         Tmut           #.......     63%         2    ###....
 Spider Form              Tmut/Pois      #.........   85%         3    ####...
 Ice Form                 Ice/Tmut       #.......     99%         4    #####..
 Blade Hands              Tmut           #.........   100%        5    ######.


Dungeon Overview and Level Annotations

Branches:
Dungeon (4/15)
 Temple: D:4-7

Altars:
Hepliaklqana
Okawaru
Sif Muna
Wu Jian


Innate Abilities, Weirdness & Mutations

You have large cloven feet.
You are partially covered in icy blue scales. (AC +2)
You are immune to rotting.


Message History

You hit the orc.
The orc is severely wounded.
The orc closely misses you.
You riposte.
You hit the orc but do no damage. You kick the orc, but do no damage.
The orc is severely wounded.
The orc priest looks braver for a moment.
You hit the orc.
You kill the orc!
Lugonu accepts your kill.
The orc priest mumbles some strange prayers to Beogh against you.
Pain shoots through your body!
* * * LOW HITPOINT WARNING * * *
The orc throws a boomerang.
The boomerang hits you but does no damage.
The weapon returns to the orc!
You hit the orc priest. You kick the orc priest.
The orc priest is moderately wounded.
The orc priest calls down the wrath of Beogh upon you.
Pain shoots through your body!
You die...

. ##### ..
#####...#######..
#.......#.##....#
#.............#.#
..#######................
......oo@.............#.#
.......##.........#......
....... #.....###.#.....#
....... #####..##.#.....#
....... .#.##...#...#
#####.. ..#..###)#)...
'.. ...'.......)... #..
....##.###.#.... #.#....


You could see an orc priest and an orc.

Vanquished Creatures
  A hound (D:4)
  5 orc wizards (D:4)
  2 adders
  2 oozes (D:3)
  An adder skeleton (D:4)
  A worm (D:3)
  2 dart slugs (D:1)
  6 leopard geckos
  17 orcs
  3 giant cockroaches
  11 goblins
  8 hobgoblins
  13 jackals
  7 kobolds
  3 quokkas
  A ball python (D:1)
  4 bats
  3 frilled lizards
  7 rats
97 creatures vanquished.

Notes
Turn   | Place    | Note
-------+----------+-------------------------------------------
     0 | Abyss:1  | thirtiethelement the Demonspawn Abyssal Knight began the
                  | quest for the Orb.
     0 | Abyss:1  | Reached XP level 1. HP: 18/18 MP: 2/2
    28 | Abyss:1  | Noticed a catoblepas zombie
    63 | Abyss:2  | Got a fine ring mail
   115 | Abyss:2  | Noticed a large abomination
   115 | D:1      | Escaped the Abyss
   126 | D:1      | Identified the +2 ring mail "Mawo" {rF+ Str+4 Dex+2} (You
                  | found it on level 2 of the Abyss)
   223 | D:1      | Reached * piety under Lugonu
   223 | D:1      | Gained mutation: You are partially covered in icy blue
                  | scales. (AC +2) [demonic ancestry]
   223 | D:1      | Reached XP level 2. HP: 23/24 MP: 3/3
   572 | D:1      | Gained mutation: You have large cloven feet. [demonic
                  | ancestry]
   572 | D:1      | Reached XP level 3. HP: 17/29 MP: 4/4
   960 | D:1      | Reached skill level 1 in Dodging
  1358 | D:2      | Reached ** piety under Lugonu
  1663 | D:3      | Reached XP level 4. HP: 33/37 MP: 5/5
  1703 | D:3      | Found a hazy altar of Hepliaklqana.
  1730 | D:3      | Learned a level 1 spell: Beastly Appendage
  1839 | D:3      | Reached *** piety under Lugonu
  2262 | D:3      | Found an ornate altar of the Wu Jian Council.
  2293 | D:3      | Found a shimmering blue altar of Sif Muna.
  2320 | D:3      | Found an iron altar of Okawaru.
  2863 | D:4      | Reached XP level 5. HP: 30/42 MP: 6/6
  2970 | D:4      | Gained mutation: You are immune to rotting. [demonic
                  | ancestry]
  2970 | D:4      | Reached XP level 6. HP: 11/48 MP: 7/7
  2982 | D:4      | Killed from afar by an orc priest

Illustrated notes

Levels and vault maps discovered:
D:1:      zelgadis_glass_arrival_small, layout_basic, serial_glass,
          glass_columns_a, glass_columns_c, item_on_display_b
D:2:      layout_basic
D:3:      layout_rooms, lemuel_crystal_altar, old_standard_altar,
          overflow_temple_1_default, okawaru_metal_pillars_3
D:4:      layout_basic, enter_ossuary_4, uniq_crazy_yiuf_cottage

Skill      XL: |  1  2  3  4  5 |
---------------+----------------+-----
Long Blades    | 2 3 4 |  4.2
Armour         | 2 3 |  3.3
Dodging        | 1 |  1.8
Fighting       | 4 |  4.1
Invocations    | |  2.5

Action                   |  1- 3 |  4- 6 || total
-------------------------+-------+-------++-------
Melee: Falchion          |   114 |   164 ||   278
       Kick              |    13 |    55 ||    68
Invok: Depart the Abyss  |     1 |       ||     1
  Use: Scroll            |       |     3 ||     3
  Eat: Ration            |     1 |     1 ||     2
Armor: Ring mail         |    81 |    98 ||   179
Dodge: Dodged            |    76 |    98 ||   174
       Rpst.: Falchion   |    26 |    31 ||    57

Table legend:
 A = Non-vault XP
 B = Vault XP
 C = Vault XP percentage of total XP
 D = Non-vault monster count
 E = Vault monster count
 F = Vault count percentage of total count
                 A         B        C        D         E       F
            +---------+---------+-------+---------+---------+-------
      Total |     458 |       0 |   0.0 |      97 |       0 |   0.0
            +---------+---------+-------+---------+---------+-------
        D:1 |      61 |       0 |   0.0 |      33 |       0 |   0.0
        D:2 |      33 |       0 |   0.0 |      12 |       0 |   0.0
        D:3 |      96 |       0 |   0.0 |      34 |       0 |   0.0
        D:4 |     268 |       0 |   0.0 |      18 |       0 |   0.0
            +---------+---------+-------+---------+---------+-------
